 Dungeon Crawl Stone Soup version 0.31-a0-152-g6aa68a64a1 (webtiles) character file.

Game seed: 7842443636165928803

263 qw the Shooter (level 5, -4/47 HPs)
             Began as a Minotaur Hunter on June 8, 2023.
             Slain by a killer bee (5 damage)
             ... on level 4 of the Dungeon.
             The game lasted 00:00:44 (2563 turns).

qw the Shooter (Minotaur Hunter)                    Turns: 2563, Time: 00:00:44

Health: -4/47      AC:  5    Str: 15    XL:     5   Next: 97%
Magic:  4/4        EV: 11    Int:  6    God:
Gold:   157        SH:  0    Dex: 16    Spells: 4/4 levels left

rFire   . . .        c - +0 orcbow
rCold   . . .        (shield currently unavailable)
rNeg    . . .        f - +0 ring mail
rPois   .            (helmet restricted)
rElec   .            (no cloak)
rCorr   .            (no gloves)
SInv    .            (no boots)
Will    .....        (no amulet)
Stlth   +            (no ring)
HPRegen 0.27/turn    (no ring)
MPRegen 0.09/turn

%: no passive effects
@: lethally poisoned (-4 -> -15)
A: horns 2, retaliatory headbutt
a: no special abilities


You were on level 4 of the Dungeon.
You visited 1 branch of the dungeon, and saw 4 of its levels.

You collected 157 gold pieces.


Innate Abilities, Weirdness & Mutations

You have a pair of horns on your head.
You reflexively headbutt those who attack you in melee.


   Skills:
 - Level 4.9 Fighting
 + Level 6.4 Ranged Weapons
 - Level 2.2 Armour
 - Level 2.1 Dodging
 - Level 0.7 Stealth


You had 4 spell levels left.
You didn't know any spells.
Your spell library was empty.

Inventory:

Hand Weapons
 c - a +0 orcbow (weapon)
Armour
 f - a +0 ring mail (worn)
Scrolls
 h - a scroll of teleportation {unknown}
Potions
 a - a potion of heal wounds {unknown}
 b - a potion of curing {unknown}
 d - a potion of magic {unknown}
 e - a potion of invisibility {unknown}
 g - a potion of enlightenment {unknown}
 i - a potion of berserk rage {unknown}
 j - 2 potions of cancellation {unknown}

Dungeon Overview and Level Annotations

Branches:
Dungeon (4/15)
 Temple: D:4-7

Altars:


Message History

You shoot an arrow.
The arrow closely misses the killer bee.
The arrow hits the killer bee!
The killer bee is almost dead.
The killer bee stings you. The killer bee closely misses you.
You furiously retaliate!
You headbutt the killer bee.
You kill the killer bee!
Your Armour skill gained 2 levels and is now at level 2!
You shoot an arrow.
The arrow closely misses the killer bee.
The killer bee stings you.
The killer bee stings you but does no damage.
You shoot an arrow. The arrow hits the killer bee!
You kill the killer bee!
The killer bee stings you but does no damage.
The killer bee stings you.
You shoot an arrow. The arrow misses the killer bee.
The arrow barely misses the killer bee.
The killer bee stings you! The killer bee barely misses you.
You shoot an arrow. The arrow misses the killer bee.
The arrow hits the killer bee.
The killer bee is lightly wounded.
The killer bee closely misses you. The killer bee stings you.
You are poisoned.
The killer bee poisons you! The killer bee stings you.
You are more poisoned.
The killer bee poisons you!
You shoot an arrow. The arrow hits the killer bee.
The killer bee is moderately wounded.
You feel very sick. The killer bee stings you.
You are lethally poisoned!
The killer bee poisons you! The killer bee stings you.
You shoot an arrow. The arrow misses the killer bee.
The arrow hits the killer bee.
The killer bee is lightly wounded.
You feel very sick. The killer bee closely misses you.
The killer bee barely misses you. The killer bee stings you.
You die...

######### #.......#
#.#####.# #.##....#
#####
#@##.#..####...#
#y##.#.........#
..y......####...###
.##########.......#
.. #.##....# ..
#.##....# #.#
#.###^..# #.
#.####..# #.......#


You could see 2 killer bees.

Vanquished Creatures
  A scorpion (D:3)
  2 killer bees (D:4)
  A hound (D:2)
  2 adders (D:2)
  A worm (D:2)
  4 dart slugs (D:1)
  3 ball pythons
  5 endoplasms
  3 giant cockroaches
  5 goblins
  4 hobgoblins (D:2)
  8 kobolds
  3 quokkas
  6 bats
  A frilled lizard (D:1)
  3 rats
52 creatures vanquished.

Notes
Turn   | Place    | Note
-------+----------+-------------------------------------------
     0 | D:1      | qw the Minotaur Hunter began the quest for the Orb.
     0 | D:1      | Reached XP level 1. HP: 18/18 MP: 0/0
     0 | D:1      | 0 ||| qw: Version: 0.2-a-120-gdf1a93b
     0 | D:1      | 0 ||| qw: Game counter: 3137
     0 | D:1      | 0 ||| qw: Always use a shield: true
     0 | D:1      | 0 ||| qw: God list: Okawaru
     0 | D:1      | 0 ||| qw: Allow faded altars: false
     0 | D:1      | 0 ||| qw: Do Orc after D:15 true
     0 | D:1      | 0 ||| qw: Do second Lair branch before Depths: true
     0 | D:1      | 0 ||| qw: Lair rune preference: random
     0 | D:1      | 0 ||| qw: Plans: Normal
     0 | D:1      | 0 ||| PLANNING D:1-11
   198 | D:1      | Reached XP level 2. HP: 25/25 MP: 1/1
   222 | D:1      | Reached skill level 5 in Ranged Weapons
   286 | D:1      | Reached skill level 3 in Fighting
   436 | D:1      | Reached XP level 3. HP: 31/31 MP: 2/2
   666 | D:1      | 666 ||| DROPPING +6 ring of intelligence.
   667 | D:1      | 667 ||| READING scroll labelled USIMAOTIEBA.
   668 | D:1      | 668 ||| READING 2 scrolls labelled CAJOUQ TACOH.
   669 | D:1      | 669 ||| DROPPING scroll of butterflies.
   670 | D:1      | 670 ||| DROPPING scroll of fog.
   833 | D:2      | Reached skill level 6 in Ranged Weapons
   833 | D:2      | Reached XP level 4. HP: 33/38 MP: 3/3
   833 | D:2      | 833 ||| FLEEEEING.
   835 | D:2      | 835 ||| FLEEEEING.
   836 | D:2      | 836 ||| FLEEEEING.
   837 | D:2      | 837 ||| FLEEEEING.
   838 | D:2      | 838 ||| FLEEEEING.
  1408 | D:2      | 1408 ||| DROPPING +3 sling.
  1916 | D:3      | Noticed a scorpion
  1925 | D:3      | Killed a scorpion
  1926 | D:3      | Reached XP level 5. HP: 41/47 MP: 4/4
  2309 | D:3      | 2309 ||| UPGRADING to +0 ring mail.
  2319 | D:3      | 2319 ||| DROPPING +0 leather armour.
  2406 | D:4      | 2406 ||| SWAPPING to +0 orcbow.
  2407 | D:4      | 2407 ||| DROPPING +0 shortbow.
  2562 | D:4      | HP: 9/47 [poisoned by a killer bee]
  2563 | D:4      | HP: 1/47 [poisoned by a killer bee]
  2563 | D:4      | Slain by a killer bee

Levels and vault maps discovered:
D:1:      noname_arrival_rooms_in_the_neighbourhood, layout_loops_ring,
          grunt_decor_one_mirror
D:2:      layout_basic, minmay_cupped
D:3:      layout_basic, serial_glass, glass_columns_a, glass_columns_a,
          feat_on_display, nrook_campfire, hangedman_decor_slide_cut
D:4:      layout_loops_cross, chequers_garden, glass_columns_b

Skill      XL: |  1  2  3  4  5 |
---------------+----------------+-----
Ranged Weapons | 5 6 |  6.4
Fighting       | 3 4 |  4.9
Armour         | 2 |  2.2
Dodging        | |  2.1
Stealth        | |  0.7

Action                     |  1- 3 |  4- 6 || total
---------------------------+-------+-------++-------
   Fire: Shortbow          |    92 |    57 ||   149
         Orcbow            |       |    11 ||    11
    Use: Scroll            |     2 |       ||     2
 Armour: Leather armour    |    18 |     6 ||    24
         Ring mail         |       |     3 ||     3
  Dodge: Dodged            |    33 |    20 ||    53

Table legend:
 A = Non-vault XP
 B = Vault XP
 C = Vault XP percentage of total XP
 D = Non-vault monster count
 E = Vault monster count
 F = Vault count percentage of total count
                 A         B        C        D         E       F
            +---------+---------+-------+---------+---------+-------
      Total |     360 |      16 |   4.3 |      49 |       3 |   5.8
            +---------+---------+-------+---------+---------+-------
        D:1 |      49 |       0 |   0.0 |      24 |       0 |   0.0
        D:2 |      81 |      16 |  16.5 |      13 |       3 |  18.8
        D:3 |      99 |       0 |   0.0 |       9 |       0 |   0.0
        D:4 |     131 |       0 |   0.0 |       3 |       0 |   0.0
            +---------+---------+-------+---------+---------+-------
